 Dungeon Crawl Stone Soup version 0.28.0-43-g3370ac3207 (webtiles) character file.

Game seed: 14138423857191718131

93 4FPSwarrior the Magician (level 4, -1/26 HPs)
             Began as a Deep Elf Hedge Wizard on Mar 27, 2022.
             Killed by nerve-wracking pain
             ... invoked by an orc priest
              (10 damage)
             ... on level 4 of the Dungeon.
             The game lasted 00:07:47 (3207 turns).

4FPSwarrior the Magician (Deep Elf Hedge Wizard)    Turns: 3207, Time: 00:07:48

Health: -1/26      AC:  3    Str:  7    XL:     4   Next: 36%
Magic:  0/13       EV: 11    Int: 21    God:
Gold:   94         SH:  0    Dex: 14    Spells: 8/13 levels left

rFire   + . .      SeeInvis .   a - +0 dagger
rCold   . . .      Faith    .   (no shield)
rNeg    . . .      Spirit   +   h - +0 leather armour
rPois   .          Reflect  .   c - +0 hat
rElec   .          Harm     .   (no cloak)
rCorr   .          Rampage  .   (no gloves)
Will    .....                   (no boots)
Stlth   ++........              i - amulet of guardian spirit
HPRegen 0.08/turn               k - ring of protection from fire
MPRegen 0.13/turn               (no ring)

@: very slightly contaminated
A: no striking features
a: no special abilities


You were on level 4 of the Dungeon.
You visited 1 branch of the dungeon, and saw 4 of its levels.

You collected 94 gold pieces.

Inventory:

Hand Weapons
 a - a +0 dagger (weapon)
Missiles
 g - 2 poisoned darts
Armour
 b - a +0 robe
 c - a +0 hat (worn)
 h - a +0 leather armour (worn)
Jewellery
 i - an amulet of guardian spirit (around neck)
 k - a ring of protection from fire (left hand)
Scrolls
 f - a scroll of enchant armour
Potions
 d - a potion of cancellation {unknown}
 e - 3 potions of lignification
 j - 3 potions of flight {unknown}


   Skills:
 * Level 1.8 Fighting
 - Level 2.4 Dodging
 - Level 2.4 Stealth
 + Level 5.0 Spellcasting
 * Level 2.5 Conjurations
 + Level 1.6 Summonings
 + Level 1.7 Translocations


You had 8 spell levels left.
You knew the following spells:

 Your Spells              Type           Power      Damage    Failure   Level
a - Magic Dart            Conj           64%        1d6       5%          1
b - Blink                 Tloc           24%        N/A       12%         2
c - Call Imp              Summ           12%        N/A       12%         2

Your spell library contained the following spells:

 Spells                   Type           Power      Damage    Failure   Level
 Summon Small Mammal      Summ           48%        N/A       9%          1
 Slow                     Hex            20%        N/A       16%         1
 Sting                    Tmut/Pois      20%        1d4       16%         1
 Conjure Flame            Conj/Fire      10%        6-21      28%         3
 Mephitic Cloud           Conj/Pois/Air  8%         N/A       34%         3
 Olgreb's Toxic Radiance  Pois           5%         N/A       85%         4
 Eringya's Noxious Bog    Tmut/Pois      2%         N/A       100%        6


Dungeon Overview and Level Annotations

Branches:
Dungeon (4/15)
 Temple: D:4-7

Altars:
Kikubaaqudgha
Trog

Shops:
D:4 ?

Annotations:
D:3 Grinder


Message History

An endoplasm comes into view.
The orc moves out of view.
Casting: Magic Dart (safe; 6% risk of failure)
Confirm with . or Enter, or press ? or * to list all spells.
Aiming: Magic Dart (safe; 6% risk of failure)
Press: ? - help, Shift-Dir - straight line, f - orc priest
Aim: an orc priest, wielding a +0 club and wearing a +0 ring mail (100% to hit)
The magic dart hits the orc priest but does no damage.
Casting: Magic Dart (safe; 6% risk of failure)
Confirm with . or Enter, or press ? or * to list all spells.
Aiming: Magic Dart (safe; 6% risk of failure)
Press: ? - help, Shift-Dir - straight line, f/p - orc priest
Aim: an orc priest, wielding a +0 club and wearing a +0 ring mail (100% to hit)
The magic dart hits the orc priest.
The orc priest is moderately wounded.
An orc comes into view. It is wielding a +0 club.
Casting: Magic Dart (safe; 6% risk of failure)
Confirm with . or Enter, or press ? or * to list all spells.
A beastly little devil appears in a puff of frigid air.
An orc wizard comes into view. It is wielding a +0 dagger.
The orc priest mumbles some strange prayers to Beogh against you.
Beogh smites you!
Casting: Call Imp (safe; 13% risk of failure)
Confirm with . or Enter, or press ? or * to list all spells.
Aiming: Magic Dart (safe; 6% risk of failure)
Press: ? - help, Shift-Dir - straight line, f/p - orc priest
Aim: an orc priest, wielding a +0 club and wearing a +0 ring mail (moderately wounded, 100% to hit)
You miscast Magic Dart.
You are very lightly contaminated with residual magic.
Nothing appears to happen.
The orc priest invokes the aid of Beogh against you.
Pain shoots through your body!
Your white imp gestures at the adder.
The puff of frost hits the adder!
The adder dies!
Your Spellcasting skill increases to level 5!
A kobold comes into view. It is wielding a +0 short sword.
The orc priest invokes the aid of Beogh against you.
Pain shoots through your body!
You die...

# .. .. .. ...# ..
.. o..#+.##$ #o o..
.+#### .$...
#J#...#......
......#.o#.#5......
......+.†.∩........
......#..#.#......K
.....#.#..@#....
#.............#
#.....#........#
#.....#........#
#.....#........#
#.....####+##.##
#............ ##
#............
#............


You could see an orc priest, 3 orcs, an endoplasm, a kobold (asleep) and a
friendly white imp (summoned).

Vanquished Creatures
  A gnoll (D:4)
  2 adders (D:2)
  A dart slug (D:1)
  An orc (D:3)
  6 ball pythons
  4 endoplasms
  2 giant cockroaches
  5 goblins
  4 hobgoblins
  3 jackals
  2 quokkas
  4 bats
  2 frilled lizards (D:3)
  2 kobolds
  3 rats
42 creatures vanquished.

Vanquished Creatures (collateral kills)
  2 adders
2 creatures vanquished.

Grand Total: 44 creatures vanquished

Notes
Turn   | Place    | Note
-------+----------+-------------------------------------------
     0 | D:1      | 4FPSwarrior the Deep Elf Hedge Wizard began the quest for
                  | the Orb.
     0 | D:1      | Reached XP level 1. HP: 10/10 MP: 7/7
   365 | D:1      | Found a faded altar of an unknown god.
   569 | D:1      | Reached XP level 2. HP: 16/16 MP: 3/9
   676 | D:1      | Reached skill level 1 in Fighting
   679 | D:1      | Learned a level 2 spell: Blink
   682 | D:1      | Learned a level 2 spell: Call Imp
   898 | D:2      | Found a bloodstained altar of Trog.
  1215 | D:2      | Reached XP level 3. HP: 20/20 MP: 7/11
  2437 | D:3      | Found an ancient bone altar of Kikubaaqudgha.
  2544 | D:3      | Got Dout's Catalogue of Creation and Contamination
  2570 | D:3      | Reached XP level 4. HP: 25/25 MP: 6/12
  2933 | D:3      | Noticed Grinder
  3193 | D:4      | Found Giwnuc's Magic Scroll Emporium.
  3207 | D:4      | Reached skill level 5 in Spellcasting
  3207 | D:4      | Killed from afar by an orc priest

Illustrated notes

Levels and vault maps discovered:
D:1:      tarquinn_simple_flora_water_e, layout_loops_ring,
          shapermc_ecumenical_altar_acropolis
D:2:      layout_loops_ring, basic_altar, minmay_fractal_squares_5
D:3:      layout_basic, nicolae_kikubaaqudgha_miasma_corner,
          nicolae_figureground_sparkle, uniq_natasha, uniq_grinder
D:4:      kennysheep_kobold_camp, layout_gridville, serial_shops, shop,
          nicolae_shop_stone, nicolae_shop_advertising_works
          [nicolae_subvault_shop_adworks], kennysheep_little_box,
          gup_sewer_entry_spiral, kennysheep_doodads, minmay_manual_mess

Skill      XL: |  1  2  3  4 |
---------------+-------------+-----
Fighting       | 1 |  1.8
Conjurations   | 2 |  2.5
Spellcasting   | 5 |  5.0
Dodging        | |  2.4
Stealth        | |  2.4
Summonings     | |  1.6
Translocations | |  1.7

Action                   |  1- 3 |  4- 6 || total
-------------------------+-------+-------++-------
 Cast: Magic Dart        |   100 |    21 ||   121
       Call Imp          |     4 |     2 ||     6
       Blink             |     1 |       ||     1
  Use: Scroll            |       |     3 ||     3
Armor: Leather armour    |     5 |       ||     5
Dodge: Dodged            |    17 |       ||    17
